 Dungeon Crawl Stone Soup version 0.30-a0-605-gb2882149bf (webtiles) character file.

Game seed: 10944321829877914833

1 gelatine the Shooter (level 1, -1/16 HPs)
             Began as a Demonspawn Hunter on Jan 7, 2023.
             Succumbed to an adder's poison
             ... on level 2 of the Dungeon.
             The game lasted 00:00:14 (52 turns).

gelatine the Shooter (Demonspawn Hunter)              Turns: 52, Time: 00:00:15

Health: -1/16      AC:  3    Str: 11    XL:     1   Next: 16%
Magic:  1/1        EV: 11    Int: 10    God:
Gold:   0          SH:  0    Dex: 16    Spells: 0/0 levels left

rFire   . . .      SeeInvis .    a - +0 shortbow
rCold   . . .      Faith    .    (shield currently unavailable)
rNeg    . . .      Spirit   .    c - +0 leather armour
rPois   .          Reflect  .    (no helmet)
rElec   .          Harm     .    (no cloak)
rCorr   .          Rampage  .    (no gloves)
Will    .....                    (no boots)
Stlth   +                        (no amulet)
HPRegen 0.22/turn                (no ring)
MPRegen 0.07/turn                (no ring)

@: lethally poisoned (-1 -> -6)
A: no striking features
a: no special abilities


You were on level 2 of the Dungeon.
You visited 1 branch of the dungeon, and saw 2 of its levels.

Inventory:

Hand Weapons
 a - a +0 shortbow (weapon)
Armour
 c - a +0 leather armour (worn)
Scrolls
 b - a scroll of immolation


   Skills:
 + Level 2.0 Fighting
 + Level 3.6 Ranged Weapons
 + Level 1.7 Dodging
 + Level 0.8 Stealth


You couldn't memorise any spells.
You didn't know any spells.
Your spell library was empty.

Dungeon Overview and Level Annotations

Branches:
Dungeon (1/15)

Altars:


Message History

Found a bubbling inky potion.
You shoot an arrow. The arrow hits the rat.
The rat is heavily wounded.
You hear an angry hiss. x2
An adder comes into view.
You shoot an arrow. The arrow hits the rat.
You kill the rat!
A frilled lizard comes into view.
You shoot an arrow. The arrow misses the frilled lizard.
The frilled lizard barely misses you.
You shoot an arrow. The arrow hits the frilled lizard!
You kill the frilled lizard!
The adder bites you.
You shoot an arrow. The arrow closely misses the adder.
The adder completely misses you. x2
The dart slug launches a dart at you. The slug dart hits you.
You shoot an arrow. The arrow closely misses the adder.
The adder barely misses you. The adder closely misses you.
You shoot an arrow. The arrow hits the adder!
The adder is almost dead.
The adder barely misses you.
You shoot an arrow. The arrow closely misses the adder.
The adder barely misses you. The adder closely misses you.
The dart slug launches a dart at you. The slug dart hits you.
A dart slug comes into view.
You shoot an arrow. The arrow misses the adder.
You hear an angry hiss.
The adder bites you.
A frilled lizard comes into view.
The adder barely misses you. The dart slug closely misses you.
The adder bites you but does no damage. The adder bites you.
* * * LOW HITPOINT WARNING * * *
The adder attacks as you move away! The adder bites you.
* * * LOW HITPOINT WARNING * * *
You are lethally poisoned!
The adder poisons you!
You die...

#. ..## #### .....
#>.. ..... ##..#
#..... ##..#
#.....##..#######..
#......wS.@........
#......w.######..#.
###.##.### ...
#..#! ...... .##.
.. . ... .. .##


You could see an adder and 2 dart slugs.

Vanquished Creatures
  A frilled lizard (D:2)
  A rat (D:2)
2 creatures vanquished.

Notes
Turn   | Place    | Note
-------+----------+-------------------------------------------
     0 | D:1      | gelatine the Demonspawn Hunter began the quest for the Orb.
     0 | D:1      | Reached XP level 1. HP: 16/16 MP: 1/1
    35 | D:1      | You fall into a shaft and drop 1 floor!
    52 | D:2      | Succumbed to an adder's poison

Illustrated notes

Levels and vault maps discovered:
D:1:      dpeg_arrival_court, layout_loops_cross
D:2:      layout_rooms, minmay_gold_behind_fungi

Action                   || total
-------------------------++-------
 Fire: Shortbow          ||     9
Armor: Leather armour    ||     1
Dodge: Dodged            ||    10

Table legend: (Time is in decaauts)
 A = Elapsed time spent in this place.
 B = Non-inter-level travel time spent in this place.
 C = Inter-level travel time spent in this place.
 D = Time resting spent in this place.
 E = Time spent auto-exploring this place.
 F = Levels seen in this place.
 G = Mean time per level.
                   A        B        C        D        E       F      G
               +--------+--------+--------+--------+--------+-----+--------+
         Total |     54 |     54 |      0 |      0 |     37 |   2 |   27.0 |
       Dungeon |     54 |     54 |      0 |      0 |     37 |   2 |   27.0 |
               +--------+--------+--------+--------+--------+-----+--------+

Top non-repeatable levels by time:
     D:1: 35 daAuts
     D:2: 19 daAuts
